 Dungeon Crawl Stone Soup version 0.30-a0-23-ge60ba3568b (webtiles) character file.

Game seed: 11980263340534917550

184 QueenGhuleh the Chopper (level 5, 0/70 HPs)
             Began as a Minotaur Berserker on Aug 24, 2022.
             Was a Believer of Trog.
             Slain by a gnoll
             ... wielding a +2 spear of venom
              (11 damage)
             ... on level 4 of the Dungeon.
             The game lasted 00:04:07 (3262 turns).

QueenGhuleh the Chopper (Minotaur Berserker)        Turns: 3262, Time: 00:04:08

Health: 0/70       AC:  2    Str: 24    XL:     5   Next: 36%
Magic:  4/4        EV: 12    Int:  4    God:    Trog [**....]
Gold:   103        SH:  0    Dex:  9    Spells: 4/4 levels left

rFire   . . .      SeeInvis .    n - +2 quarterstaff (chaos)
rCold   . . .      Faith    .    (shield currently unavailable)
rNeg    . . .      Spirit   .    b - +0 animal skin
rPois   .          Reflect  .    (helmet restricted)
rElec   .          Harm     .    (no cloak)
rCorr   .          Rampage  .    (no gloves)
Will    .....                    (no boots)
Stlth   ..........               (no amulet)
HPRegen 0.21/turn                (no ring)
MPRegen 0.09/turn                (no ring)

@: berserking, lethally poisoned (0 -> -28), very quick
A: horns 2, retaliatory headbutt
a: Renounce Religion, Berserk, Trog's Hand


You were on level 4 of the Dungeon.
You worshipped Trog.
Trog was pleased with you.
You visited 1 branch of the dungeon, and saw 4 of its levels.

You collected 103 gold pieces.

Inventory:

Hand Weapons
 n - a +2 quarterstaff of chaos (weapon)
Armour
 b - a +0 animal skin (worn)
Wands
 j - a wand of acid (11)
 m - a wand of roots (5)
Scrolls
 c - 3 scrolls of identify {unknown}
 d - 2 scrolls of fear {unknown}
 g - a scroll of blinking {unknown}
 i - 2 scrolls of teleportation {unknown}
 k - a scroll of enchant weapon {unknown}
Potions
 e - a potion of degeneration {unknown}
 f - a potion of cancellation {unknown}
 h - a potion of curing {unknown}
 l - a potion of invisibility {unknown}


   Skills:
 + Level 4.7 Fighting
 + Level 5.5 Axes
 + Level 2.8 Armour
 + Level 3.5 Dodging
 + Level 0.3 Stealth


You had 4 spell levels left.
You didn't know any spells.
Your spell library was empty.

Dungeon Overview and Level Annotations

Branches:
Dungeon (4/15)
 Temple: D:4-7

Altars:
Vehumet

Annotations:
D:3 exclusion: statue


Innate Abilities, Weirdness & Mutations

You have a pair of horns on your head.
You reflexively headbutt those who attack you in melee.


Message History

You feel sick.
You are no longer poisoned.
You hear the slow hiss of a very distant avalanche of sand.
You hear the slow hiss of a very distant avalanche of sand.
You hear the hiss of a very distant avalanche of sand.
A gnoll comes into view. It is wielding a +2 spear of venom.
A gnoll is nearby!
The gnoll shouts!
Things that are here:
a +0 flail; a +0 whip; a gnoll corpse The gnoll drinks a potion.
The gnoll seems to speed up.
You closely miss the gnoll. The gnoll barely misses you.
You furiously retaliate!
You headbutt the gnoll, but do no damage.
The gnoll hits you with a +2 spear of venom.
You are poisoned.
You barely miss the gnoll.
You feel very sick.
The gnoll hits you with a +2 spear of venom.
You are more poisoned.
The gnoll hits you with a +2 spear of venom.
You are lethally poisoned!
You are too injured to fight recklessly!
You are too injured to fight recklessly!
A red film seems to cover your vision as you go berserk!
You feel yourself moving faster!
You feel mighty!
You feel very sick. The gnoll barely misses you.
You barely miss the gnoll. Your headbutt misses the gnoll.
You feel very sick.
The gnoll hits you with a +2 spear of venom!
* * * LOW HITPOINT WARNING * * *
You are more poisoned.
The gnoll closely misses you.
You hit the gnoll. Your headbutt misses the gnoll.
The gnoll is moderately wounded.
* * * LOW HITPOINT WARNING * * *
You feel very sick.
The gnoll hits you with a +2 spear of venom!
You die...

## .. .# #
.. .. #
###.##.#
#.#..)..
#.#g#.#
#..@..#
.#######)###
.......<)#
##########


You could see a gnoll (fast).

Vanquished Creatures
  A jelly (D:3)
  Crazy Yiuf (D:3)
  3 gnolls (D:4)
  4 adders
  A worm (D:2)
  3 orcs (D:3)
  2 bats
  7 endoplasms
  3 giant cockroaches
  2 goblins
  5 hobgoblins
  5 jackals
  4 quokkas
  8 ball pythons
  3 frilled lizards (D:2)
  3 kobolds
  4 rats
59 creatures vanquished.

Notes
Turn   | Place    | Note
-------+----------+-------------------------------------------
     0 | D:1      | QueenGhuleh the Minotaur Berserker began the quest for the
                  | Orb.
     0 | D:1      | Reached XP level 1. HP: 19/19 MP: 0/0
   263 | D:1      | Reached XP level 2. HP: 27/27 MP: 1/1
   422 | D:1      | Reached skill level 4 in Axes
   737 | D:1      | Found a faded altar of an unknown god.
  1178 | D:2      | Reached XP level 3. HP: 26/33 MP: 2/2
  1572 | D:2      | Reached ** piety under Trog
  2029 | D:3      | Reached skill level 5 in Axes
  2029 | D:3      | Reached XP level 4. HP: 35/41 MP: 3/3
  2199 | D:3      | Found a radiant altar of Vehumet.
  2199 | D:3      | Noticed a frost-covered statue
  3011 | D:3      | Found a runed translucent door.
  3012 | D:3      | Noticed Crazy Yiuf
  3019 | D:3      | Killed Crazy Yiuf
  3020 | D:3      | Reached XP level 5. HP: 47/47 MP: 0/4
  3262 | D:4      | Slain by a gnoll

Illustrated notes

Levels and vault maps discovered:
D:1:      dpeg_arrival_central, layout_basic, basic_ecumenical_altar,
          minmay_tromino_v4_c
D:2:      layout_loops_ring, kennysheep_doodads
D:3:      layout_basic, vehumet_statue, uniq_crazy_yiuf_cottage
D:4:      layout_loops_cross, nicolae_ossuary_entry_giza, fountainhead,
          uniq_edmund

Skill      XL: |  1  2  3  4 |
---------------+-------------+-----
Fighting       | 4 |  4.7
Axes           | 4 5 |  5.5
Dodging        | 3 |  3.5
Armour         | |  2.8
Stealth        | |  0.3

Action                   |  1- 3 |  4- 6 || total
-------------------------+-------+-------++-------
Melee: Hand axe          |    91 |    34 ||   125
       Headbutt          |    13 |     6 ||    19
       Punch             |     1 |       ||     1
       Quarterstaff      |       |    12 ||    12
Invok: Berserk           |       |     2 ||     2
Armor: Animal skin       |    14 |     5 ||    19
Dodge: Dodged            |    57 |    30 ||    87

Table legend: (Time is in decaauts)
 A = Elapsed time spent in this place.
 B = Non-inter-level travel time spent in this place.
 C = Inter-level travel time spent in this place.
 D = Time resting spent in this place.
 E = Time spent auto-exploring this place.
 F = Levels seen in this place.
 G = Mean time per level.
                   A        B        C        D        E       F      G
               +--------+--------+--------+--------+--------+-----+--------+
         Total |   3279 |   3212 |     67 |      0 |   2847 |   4 |  819.8 |
       Dungeon |   3279 |   3212 |     67 |      0 |   2847 |   4 |  819.8 |
               +--------+--------+--------+--------+--------+-----+--------+

Top non-repeatable levels by time:
     D:1: 1175 daAuts
     D:3: 1133 daAuts
     D:2: 807 daAuts
     D:4: 162 daAuts
